 Dungeon Crawl Stone Soup version 0.32-a0-747-gc8563f6773 (webtiles) character file.

Game seed: 9829991240885601578

1457150 gosagan the Slayer (level 26, 210/210 HPs)
             Began as a Demonspawn Wanderer on Mar 17, 2024.
             Was an Elder of Okawaru.
             Escaped with the Orb
             ... and 3 runes on Mar 18, 2024!
             The game lasted 04:28:45 (95202 turns).

gosagan the Slayer (Demonspawn Wanderer)           Turns: 95202, Time: 04:28:46

Health: 210/210    AC: 54    Str: 27    XL:     26   Next: 63%
Magic:  27/27      EV: 10    Int: 14    God:    Okawaru [****..]
Gold:   2949       SH: 32    Dex: 17    Spells: 27/27 levels left

rFire   + +          .
                       - Unarmed
rCold   + + .        d - +8 tower shield
rNeg    . . .        C - +10 gold dragon scales
rPois   +            H - +2 hat {Stlth+}
rElec   +            O - +2 cloak
rCorr   .            (gloves unavailable)
SInv    .            v - +2 pair of boots
Will    +....        M - amulet "Aqivvioj" {rElec rPois Regen+} Stlth
                     K - +6 ring of strength
HPRegen 1.35/turn    m - ring of protection from fire
MPRegen 0.20/turn

%: no passive effects
@: studying Staves
A: icy blue scales 3, icemail 2, spiny 3, condensation shield, corrupting
presence 2, word of chaos, demonic touch 3, antennae 1, agile 1, deterioration
1, frail 1, low MP 1, wild magic 1, sturdy frame 1
0: Orb of Zot
}: 3/15 runes: serpentine, barnacled, slimy
a: Word of Chaos, Renounce Religion, Heroism, Finesse


You escaped.
You worshipped Okawaru.
Okawaru was greatly pleased with you.
You visited 12 branches of the dungeon, and saw 53 of its levels.
You also visited: Ossuary and Gauntlet.

You collected 6372 gold pieces.
You spent 3423 gold pieces at shops.

Inventory:

Missiles
 e - 11 curare-tipped darts
 o - 25 javelins
 S - 22 silver javelins
 T - 41 boomerangs (quivered)
Armour
 b - +1 gold dragon scales
 d - a +8 tower shield (worn)
 v - a +2 pair of boots (worn)
 C - +10 gold dragon scales (worn)
 H - a +2 hat of stealth (worn)
 O - a +2 cloak (worn)
Jewellery
 a - a ring of flight
 m - a ring of protection from fire (right hand)
 q - the ring "Nich" {rPois Str-3 Dex+6 SInv}
   (You took it off a merfolk javelineer on level 4 of the Shoals)

   [ring of dexterity]

   Str-3:     It affects your strength (-3).
   Dex+6:     It affects your dexterity (+6).
   rPois:     It protects you from poison.
   SInv:      It lets you see invisible.
 K - a +6 ring of strength (left hand)
 M - the amulet "Aqivvioj" (around neck) {rElec rPois Regen+}
   (You found it on level 5 of the Pits of Slime)

   [amulet of regeneration]

   rElec:     It insulates you from electricity.
   rPois:     It protects you from poison.
   Regen+:    It increases your rate of health regeneration.
 P - a +6 ring of strength
 U - a +4 ring of protection
Talismans
 g - a granite talisman
 k - the serpent talisman of the Old and Reckless {Fly Will+}
   (You took it off Aizul in the Arena)

   [serpent talisman]

   Will+:     It increases your willpower.
   Fly:       It grants you flight.
Wands
 r - a wand of light (11)
 t - a wand of iceblast (70)
 u - a wand of paralysis (58)
 D - a wand of polymorph (31)
 I - a wand of flame (76)
 Z - a wand of digging (2)
Scrolls
 c - a scroll of silence
 f - a scroll of acquirement
 l - 3 scrolls of fear
 s - 6 scrolls of amnesia
 z - a scroll of torment
 A - 4 scrolls of enchant weapon
 F - 6 scrolls of vulnerability
 G - 8 scrolls of immolation
 V - 7 scrolls of teleportation
 Y - 6 scrolls of poison
Potions
 h - a potion of might
 i - 9 potions of curing
 n - 6 potions of attraction
 p - a potion of enlightenment
 w - 2 potions of cancellation
 y - 3 potions of mutation
 B - 2 potions of berserk rage
 R - 4 potions of magic
 X - a potion of resistance
Miscellaneous
 L - a lightning rod (4/4)


   Skills:
 + Level 24.8 Fighting
 - Level 3.6 Long Blades
 - Level 10.0 Throwing
 - Level 20.3 Armour
 - Level 10.9 Dodging
 - Level 17.0 Shields
 - Level 21.0 Unarmed Combat
 - Level 1.0 Spellcasting
 - Level 1.7 Translocations
 - Level 10.0 Invocations
 - Level 6.0 Evocations


You had 27 spell levels left.
You didn't know any spells.
Your spell library contained the following spells:

 Spells                   Type           Power      Damage    Failure   Level
 Blink                    Tloc           14%        N/A       98%         2
 Lesser Beckoning         Tloc           14%        N/A       98%         2
 Foxfire                  Conj/Fire      0%         2x1d4     99%         1
 Magic Dart               Conj           0%         1d3       99%         1
 Necrotise                Necr           0%         1d4       99%         1
 Sandblast                Erth           0%         2d4       99%         1
 Momentum Strike          Conj/Tloc      8%         3d8       99%         2
 Ensorcelled Hibernation  Hex/Ice        0%         N/A       100%        2
 Jinxbite                 Hex            0%         N/A       100%        2
 Mercury Vapours          Alch/Air       0%         N/A       100%        2
 Scorch                   Fire           0%         2d5       100%        2
 Frozen Ramparts          Ice            0%         1d1       100%        3
 Fugue of the Fallen      Necr           0%         N/A       100%        3
 Gell's Gravitas          Tloc           7%         N/A       100%        3
 Mephitic Cloud           Conj/Alch/Air  0%         N/A       100%        3
 Ozocubu's Armour         Ice            0%         N/A       100%        3
 Sigil of Binding         Hex            0%         N/A       100%        3
 Stone Arrow              Conj/Erth      0%         3d7       100%        3
 Teleport Other           Tloc           7%         N/A       100%        3
 Vampiric Draining        Necr           0%         2d6       100%        3
 Volatile Blastmotes      Fire/Tloc      8%         2d10      100%        3
 Anguish                  Hex/Necr       0%         N/A       100%        4
 Brom's Barrelling Bould  Conj/Erth      0%         2d3       100%        4
 Dimensional Bullseye     Hex/Tloc       2%         N/A       100%        4
 Leda's Liquefaction      Alch/Erth      0%         N/A       100%        4
 Manifold Assault         Tloc           7%         N/A       100%        4
 Olgreb's Toxic Radiance  Alch           0%         N/A       100%        4
 Vhi's Electric Charge    Tloc/Air       8%         N/A       100%        4
 Alistair's Intoxication  Alch           0%         N/A       100%        5
 Arcjolt                  Conj/Air       0%         1d10      100%        5
 Borgnjor's Vile Clutch   Necr/Erth      0%         N/A       100%        5
 Curse of Agony           Necr           0%         N/A       100%        5
 Freezing Cloud           Conj/Ice/Air   0%         6-21      100%        5
 Lee's Rapid Deconstruct  Erth           0%         3d4*      100%        5
 Metabolic Englaciation   Hex/Ice        0%         N/A       100%        5
 Yara's Violent Unravell  Hex/Alch       0%         3d3       100%        5
 Eringya's Noxious Bog    Alch           0%         4d6       100%        6
 Permafrost Eruption      Ice/Erth       0%         2x4d2     100%        6
 Plasma Beam              Fire/Air       0%         2x1d10    100%        6
 Starburst                Conj/Fire      0%         6d3       100%        6
 Enfeeble                 Hex            0%         N/A       100%        7
 Ozocubu's Refrigeration  Ice            0%         4d7       100%        7
 Discord                  Hex            0%         N/A       100%        8
 Ignition                 Fire           0%         3d3       100%        8
 Chain Lightning          Conj/Air       0%         N/A       100%        9
 Fire Storm               Conj/Fire      0%         5d1       100%        9
 Shatter                  Erth           0%         3d5*      100%        9
 Call Imp                 Summ           Unusable   N/A       N/A         2
 Call Canine Familiar     Summ           Unusable   N/A       N/A         3
 Animate Dead             Necr           Unusable   N/A       N/A         4
 Martyr's Knell           Necr/Summ      Unusable   N/A       N/A         4
 Summon Forest            Summ/Tloc      Unusable   N/A       N/A         5
 Summon Mana Viper        Hex/Summ       Unusable   N/A       N/A         5
 Death Channel            Necr           Unusable   N/A       N/A         6
 Summon Hydra             Summ           Unusable   N/A       N/A         7

Dungeon Overview and Level Annotations

Branches:
Dungeon (15/15)            Temple (1/1) D:7            Lair (5/5) D:11
 Shoals (4/4) Lair:2        Snake (4/4) Lair:3        Slime (5/5) Lair:5
    Orc (2/2) D:12            Elf (3/3) Orc:2        Vaults (4/5) D:14
  Crypt (1/3) Vaults:3     Depths (4/4) D:15            Zot (5/5) Depths:4
Ossuary (visited)         Gauntlet (visited)

Altars:
Ashenzari
Cheibriados
Dithmenos
Fedhas
Gozag
Hepliaklqana
Kikubaaqudgha
Makhleb
Nemelex Xobeh
Okawaru
Qazlal
Ru
Sif Muna
Trog
Uskayaw
Vehumet
Wu Jian
Xom
Yredelemnul
Beogh
Jiyva

Shops:
D:2 !   D:6 (   D:11 =   D:12 *   D:15 =   Orc:2 (*:[   Shoals:4 **
Snake:1 (([   Vaults:1 !   Vaults:3 (   Vaults:4 *   Depths:4 *

Portals:
Hell: Depths:1 Depths:2 Depths:4
Abyss: Depths:4
Pandemonium: Depths:2
Trove: Vaults:3 (give 2 scrolls of acquirement)

Annotations:
D:2 Sigmund
D:5 2 transporters, gimp's ghost, novice CoHu
D:15 exclusion: 2 obsidian statues
Lair:3 exclusion: lava snake
Snake:3 Nikola
Elf:2 4 runed translucent doors
Vaults:3 1 runed translucent door
Depths:2 exclusions: hell hog, 4 hell knights, 2 hellions and 6 more exclusions
Depths:3 exclusion: orange crystal statue
Zot:4 Josephina


Innate Abilities, Weirdness & Mutations

You are completely covered in icy blue scales. (AC +4, rC+)
A meltable icy envelope protects you from harm. (AC +8)
You are completely covered in sharp spines.
A meltable shield of frost defends you. (SH +4)
Your presence sometimes corrodes or deforms those you injure.
You can speak a Word of Chaos.
Your touch may irresistibly damage your foes and sap their willpower.
You have a pair of small antennae on your head.
You are agile. (Dex +4, Str/Int -1)
Your body sometimes deteriorates upon taking damage.
You are frail. (-10% HP)
Your magical capacity is low. (-10% MP)
Your spells are a little harder to cast, but a little more powerful.
Your movements are slightly less encumbered by armour. (ER -2)


Message History

You climb upwards.
There is a stone staircase leading down here.
There is a collapsed entrance here.
Things that are here:
a +0 spear; a gnoll skeleton You see here a +0 halberd.
There is a stone staircase leading up, spattered with blood here.
You climb upwards.
There is a stone staircase leading down here.
There is a stone staircase leading up here.
What level of the Dungeon? (default 3, ? - help)
You climb upwards.
Level annotation: Sigmund
There is a stone staircase leading down here.
An Orb Guardian comes into view.
There is a stone staircase leading up here.
You block the Orb Guardian's attack.
You pulverise the Orb Guardian!!!
The Orb Guardian is heavily wounded.
You block the Orb Guardian's attack.
You hit the Orb Guardian but do no damage.
The Orb Guardian is heavily wounded.
You block the Orb Guardian's attack.
You punch the Orb Guardian!
The Orb Guardian is heavily wounded.
You block the Orb Guardian's attack.
You punch the Orb Guardian!
The Orb Guardian is severely wounded.
You block the Orb Guardian's attack.
You pummel the Orb Guardian like a punching bag!!!
You kill the Orb Guardian!
Okawaru accepts your kill.
There is a stone staircase leading up here.
You climb upwards.
There is a stone staircase leading down here.
Items here: )) ÷÷÷÷.
You see here a bat skeleton.
You see here a frilled lizard skeleton.
There is a staircase leading out of the dungeon here.
You have escaped!

#..##.#..##..⌠..#
#...###...##...##
.....##.########
..#....## .###.###
## ### ### # ####
#.#####
#####..######.#...##
##.#............@..#
###..##....###.....#
....###.#### ##...##
..### ### ##### ###


There were no monsters in sight!

Vanquished Creatures
  the Royal Jelly (Slime:5)
  5 dread liches (Zot:5)
  Frederick (Depths:4)
  3 ancient liches (Zot:5)
  A juggernaut (Depths:3)
  4 orbs of fire
  Vv (Zot:3)
  3 Killer Klowns (Zot:5)
  Parghit (Zot:3)
  Vashnia (Snake:3)
  3 curse toes
  A bone dragon (Depths:4)
  Jory (Depths:4)
  10 golden dragons
  2 electric golems (Zot:5)
  20 tentacled monstrosities
  Rupert (D:13)
  A lich (Depths:4)
  A walking earthen tome (Depths:4)
  26 Orb Guardians
  A Hell Sentinel (D:12)
  A walking frostbound tome (Depths:2)
  A kraken (Shoals:4)
  3 quicksilver dragons
  3 sphinxes
  16 acid blobs
  8 death cobs
  An Executioner (Zot:5)
  Frances (Shoals:1)
  Kirke (D:14)
  Aizul (Arena)
  3 nagarajas
  Roxanne (D:14)
  2 protean progenitors (Zot:4)
  6 storm dragons
  2 tengu reavers
  4 fire giants
  Ilsuiw (Shoals:3)
  5 shadow dragons
  6 azure jellies
  4 draconian monks
  A draconian scorcher (Zot:5)
  8 rockslimes (Slime:5)
  15 vault wardens
  5 frost giants
  A balrug (Depths:4)
  A ghost moth (Zot:5)
  A deep elf sorcerer (Elf:2)
  2 iron dragons (Depths:3)
  3 draconian shifters
  A reaper (D:12)
  An angel (Vaults:3)
  3 draconian stormcallers
  2 spriggan defenders (Depths:4)
  2 draconian annihilators
  3 orc warlords
  25 very ugly things
  8 stone giants
  5 quicksilver oozes (Slime:5)
  9 formless jellyfish
  14 ironbound preservers
  4 ironbound thunderhulks
  Nessos (Lair:4)
  2 vampire knights
  9 green draconians
  A minotaur (Gauntlet)
  6 black draconians
  A deep elf death mage (Depths:3)
  12 dire elephants
  5 purple draconians
  7 yellow draconians
  8 red draconians
  6 war gargoyles
  10 white draconians
  4 spark wasps (Depths:2)
  9 merfolk javelineers
  7 ettins
  An entropy weaver (Vaults:3)
  A spectral quicksilver dragon (Depths:3)
  5 fire dragons
  10 merfolk impalers
  4 crystal guardians
  3 spectral golden dragons (Depths:3)
  2 spectral spriggans (Depths:3)
  12 yaktaur captains
  A hell beast (Depths:2)
  5 peacekeepers
  10 vault guards
  8 hydras
  12 great orbs of eyes
  3 spectral sphinxes (Depths:3)
  2 spectral tengu (Depths:3)
  A spectral shadow dragon (Depths:3)
  A rakshasa (Depths:1)
  The ghost of draino the Spry, a journeyman FeIE of Gozag (Lair:3)
  A caustic shrike simulacrum (Depths:3)
  2 satyrs
  5 spriggan air magi
  A catoblepas (Lair:2)
  6 merfolk avatars
  6 ice dragons
  3 ironbound frosthearts
  6 salamander tyrants
  A sphinx zombie (Depths:2)
  2 alligators (Zot:4)
  15 anacondas
  9 two-headed ogres
  An ogre mage (Orc:1)
  3 boulder beetles
  10 merfolk aquamancers
  13 centaur warriors
  3 deep troll shamans
  17 dancing weapons
  7 deep troll earth magi
  15 tengu warriors
  An occultist (D:15)
  6 shock serpents
  7 hell knights
  An orc high priest (Orc:2)
  5 spriggan berserkers
  15 naga sharpshooters
  A vampire mage (Depths:2)
  12 naga warriors
  Urug (D:11)
  6 sun demons
  3 iron trolls
  2 spectral storm dragons (Depths:3)
  7 deep elf knights
  2 soul eaters
  3 spriggans (Depths:4)
  9 skysharks
  4 salamander mystics
  9 sea snakes
  A skeletal warrior (Vaults:3)
  Amaemon (D:8)
  2 goliath frogs (Zot:4)
  A death drake (Depths:3)
  59 deep trolls
  2 flayed ghosts (Depths:3)
  A shadow demon (D:12)
  2 spectral spark wasps (Depths:3)
  7 glowing orange brains
  6 arcanists
  16 mana vipers
  A lindwurm (shapeshifter) (Depths:4)
  2 spectral iron dragons (Depths:3)
  11 naga ritualists
  13 deep elf archers
  4 necromancers
  2 thermic dynamos (Elf:2)
  7 orc knights
  15 harpies
  15 deep elf pyromancers
  15 deep elf zephyrmancers
  8 phantasmal warriors
  29 ironbound convokers
  3 orc sorcerers
  9 lindwurms
  29 ugly things
  5 shining eyes
  11 manticores
  9 fauns
  15 salamanders
  Maurice (D:8)
  13 cyclopes
  12 elephants
  21 moths of wrath
  3 meliai (D:14)
  11 merfolk sirens
  4 water nymphs
  21 naga magi
  5 smoke demons (Depths:2)
  18 vault sentinels
  50 black mambas
  A frost giant skeleton (Depths:2)
  5 guardian serpents
  An eye of devastation (shapeshifter) (Depths:1)
  An orange demon (D:8)
  A titan simulacrum (Depths:3)
  4 torpor snails
  A torpor snail (shapeshifter) (Depths:2)
  9 komodo dragons
  3 rime drakes
  14 cane toads
  An eye of devastation (Slime:5)
  7 kobold demonologists
  32 yaktaurs
  A freezing wraith (D:15)
  An unseen horror (D:11)
  A spectral glowing shapeshifter (Depths:3)
  2 guardian mummies (Crypt:1)
  An ice devil (D:15)
  7 tengu conjurers
  6 wind drakes
  29 merfolk
  7 trolls
  4 polar bears
  26 blink frogs
  5 hornets
  A draconian simulacrum (Zot:4)
  15 dream sheep
  2 glass eyes
  12 snapping turtles
  An air elemental (Zot:1)
  3 shadows
  91 slime creatures
  6 hogs (D:14)
  9 wyverns
  A wraith (D:9)
  38 yaks
  2 fire elementals
  18 water elementals
  6 golden eyes
  7 humans (D:14)
  8 wargs
  3 basilisks
  2 redbacks (Vaults:3)
  Grum (D:11)
  40 nagas
  4 acid dragons
  A swamp worm (shapeshifter) (D:15)
  13 water moccasins
  2 hell hounds (D:9)
  A glowing shapeshifter skeleton (Depths:2)
  32 orc warriors
  An ice beast (D:6)
  A sky beast (D:7)
  2 black bears
  A spriggan simulacrum (Depths:2)
  5 laughing skulls
  A tengu (shapeshifter) (D:13)
  7 ogres
  52 wolves
  A boggart (Vaults:1)
  12 centaurs
  5 elf zombies (Ossuary)
  10 kobold brigands
  22 bullfrogs
  7 gnoll sergeants (D:9)
  2 scorpions
  5 wights
  The ghost of Arkalis the Sneak, a weakling MiDe (D:6)
  4 electric eels
  6 howler monkeys
  3 lava snakes (Lair:3)
  A spectral bullfrog (Ossuary)
  A bombardier beetle (D:5)
  A jelly (D:3)
  6 hounds
  3 human zombies
  5 gnoll boudas
  29 orc priests
  4 human skeletons (Crypt:1)
  Ijyb (D:5)
  2 sleepcaps
  5 iguanas
  32 orc wizards
  10 hell rats
  A bullfrog simulacrum (Ossuary)
  2 crocodile zombies (Ossuary)
  3 spectral hounds (Ossuary)
  5 mummies
  5 adders
  6 gnolls
  4 hound simulacra (Ossuary)
  A white imp (D:5)
  2 ufetubi (D:7)
  3 spectral adders (Ossuary)
  3 dart slugs
  5 ribbon worms
  2 adder simulacra (Ossuary)
  92 orcs
  7 ball pythons
  10 endoplasms
  4 giant cockroaches
  6 gnoll zombies (Ossuary)
  8 goblins
  6 hobgoblins
  7 jackals (D:1)
  3 training dummies (Snake:1)
  10 bats
  6 frilled lizards
  A gnoll simulacrum (Ossuary)
  2 jackal simulacra (Ossuary)
  17 kobolds
  6 kobold zombies (Ossuary)
  4 orc zombies (Ossuary)
  7 rats
  3 spectral jackals (Ossuary)
  A tentacle (Shoals:4)
2101 creatures vanquished.

Vanquished Creatures (others)
  A draconian shifter (Zot:1)
  A draconian stormcaller (Zot:1)
  An ironbound preserver (Vaults:1)
  A fire dragon (Depths:4)
  A vault guard (D:14)
  An ironbound frostheart (Vaults:1)
  A deep elf knight (Elf:1)
  An air elemental (Zot:1)
  A naga (Snake:3)
  A moth of wrath simulacrum (Zot:4)
  An orc (Orc:1)
  19 tentacles (Shoals:4)
30 creatures vanquished.

Grand Total: 2131 creatures vanquished

Notes
Turn   | Place    | Note
-------+----------+-------------------------------------------
     0 | D:1      | gosagan the Demonspawn Wanderer began the quest for the
                  | Orb.
     0 | D:1      | gosagan set off with the following items: a +2 falchion, a
                  | wand of flame (5), a scroll of silence, a +0 robe; and the
                  | following spells available to memorise: Blink, Momentum
                  | Strike.
     0 | D:1      | Reached XP level 1. HP: 13/13 MP: 2/2
   225 | D:1      | Reached skill level 1 in Fighting
   297 | D:1      | Gained mutation: Your touch may inflict minor irresistible
                  | damage on your foes. [demonic ancestry]
   297 | D:1      | Reached XP level 2. HP: 18/22 MP: 3/3
   478 | D:1      | Reached skill level 1 in Unarmed Combat
   612 | D:1      | Gained mutation: Your touch may inflict irresistible damage
                  | on your foes. [demonic ancestry]
   612 | D:1      | Reached XP level 3. HP: 22/27 MP: 4/4
  1029 | D:2      | Noticed Sigmund
  1122 | D:1      | Gained mutation: You are partially covered in sharp spines.
                  | [demonic ancestry]
  1122 | D:1      | Reached XP level 4. HP: 33/33 MP: 5/5
  1210 | D:2      | Found Xobisse's Distillery.
  1282 | D:2      | Bought a potion of heal wounds for 55 gold pieces
  1478 | D:2      | Gained mutation: Your touch may irresistibly damage your
                  | foes and sap their willpower. [demonic ancestry]
  1478 | D:2      | Reached XP level 5. HP: 37/38 MP: 6/6
  1493 | D:2      | Found a faded altar of an unknown god.
  1874 | D:3      | Noticed a black bear
  1894 | D:3      | Killed a black bear
  2098 | D:3      | Reached XP level 6. HP: 43/44 MP: 7/7
  3064 | D:4      | Found a sand-covered staircase.
  3081 | Ossuary  | Entered an ossuary
  3155 | Ossuary  | Reached skill level 1 in Shields
  3204 | Ossuary  | Gained mutation: A meltable shield of frost defends you.
                  | (SH +4) [demonic ancestry]
  3204 | Ossuary  | Reached XP level 7. HP: 40/49 MP: 8/8
  3552 | Ossuary  | Gained mutation: You are mostly covered in sharp spines.
                  | [demonic ancestry]
  3552 | Ossuary  | Reached XP level 8. HP: 55/55 MP: 9/9
  4545 | D:5      | Entered Level 5 of the Dungeon
  4578 | D:5      | Found a transporter.
  4588 | D:5      | Reached skill level 2 in Fighting
  4589 | D:5      | Noticed gimp's ghost (novice CoHu)
  4919 | D:5      | Reached skill level 3 in Fighting
  5006 | D:5      | Found a transporter.
  5011 | D:5      | Reached skill level 4 in Fighting
  5036 | D:5      | Noticed Ijyb
  5175 | D:5      | Killed Ijyb
  5566 | D:5      | Found a stormy altar of Qazlal.
  5757 | D:5      | Reached skill level 5 in Fighting
  6068 | D:6      | Found Iqadd's Antique Weapon Shoppe.
  6078 | D:6      | Gained mutation: A meltable icy envelope protects you from
                  | harm. (AC +8) [demonic ancestry]
  6078 | D:6      | Reached XP level 9. HP: 54/69 MP: 10/10
  6146 | D:6      | Reached skill level 6 in Fighting
  6183 | D:6      | Reached skill level 1 in Dodging
  6354 | D:6      | Found a hide-covered altar of Uskayaw.
  6595 | D:6      | Found a runed translucent gate.
  6596 | D:6      | Found a runed translucent gate.
  6597 | D:6      | Found a runed translucent gate.
  6599 | D:6      | Noticed Arkalis's ghost (weakling MiDe)
  6599 | D:6      | Identified the +0 chain mail of Jucseohiof {Rampage}
  6991 | D:6      | Found a roughly hewn altar of Beogh.
  7259 | D:7      | Found a staircase to the Ecumenical Temple.
  7268 | D:7      | Noticed a cyclops
  7293 | D:7      | Killed a cyclops
  7305 | Temple   | Entered the Ecumenical Temple
  7312 | Temple   | Became a worshipper of Warmaster Okawaru
  7897 | D:8      | Reached skill level 1 in Invocations
  8330 | D:8      | Noticed Maurice
  8332 | D:8      | Identified the orb of Hicadgh {guile, rElec Tloc Ice}
  8337 | D:8      | Something stole a ring of wizardry
  8343 | D:8      | Killed Maurice
  8343 | D:8      | Reached * piety under Okawaru
  8344 | D:8      | Reached skill level 7 in Fighting
  8344 | D:8      | Reached XP level 10. HP: 72/79 MP: 8/12
  8587 | D:8      | Paralysed by a hornet for 2 turns
  8675 | D:8      | Noticed Amaemon
  8676 | D:8      | Noticed an orange demon
  8686 | D:8      | Killed Amaemon
  8686 | D:8      | Reached ** piety under Okawaru
  8687 | D:8      | Reached skill level 8 in Fighting
  8687 | D:8      | Reached skill level 5 in Invocations
  8696 | D:8      | Killed an orange demon
  9164 | D:9      | Identified a scroll of acquirement
  9165 | D:9      | Acquired the +2 helmet "Gydghuq" {Int+4}
  9212 | D:9      | Reached skill level 9 in Fighting
  9309 | D:9      | Reached *** piety under Okawaru
  9739 | D:9      | Reached skill level 10 in Fighting
 10244 | D:9      | Reached **** piety under Okawaru
 10264 | D:9      | Reached XP level 11. HP: 44/91 MP: 14/14
 10424 | D:9      | Noticed a two-headed ogre
 10516 | D:9      | Noticed a two-headed ogre
 10524 | D:9      | Killed a two-headed ogre
 10525 | D:9      | Reached skill level 5 in Shields
 11083 | D:9      | Reached skill level 10 in Unarmed Combat
 11087 | D:9      | Reached ***** piety under Okawaru
 11357 | D:10     | Entered Level 10 of the Dungeon
 11421 | D:10     | Noticed a two-headed ogre
 11488 | D:9      | Received a gift from Okawaru
 11520 | D:10     | Killed a two-headed ogre
 11566 | D:10     | Found a burning altar of Makhleb.
 11982 | D:10     | Identified the +0 leather armour of the Shoals {rF+ rCorr}
 12468 | D:11     | Noticed a purple ugly thing
 12483 | D:11     | Killed a purple ugly thing
 12484 | D:11     | Reached XP level 12. HP: 77/99 MP: 9/18
 12582 | D:11     | Noticed a two-headed ogre
 12601 | D:11     | Killed a two-headed ogre
 12695 | D:11     | Acquired 1182 gold pieces
 12758 | D:11     | Identified the +3 dagger of Brawling {holy, ^Fragile Will+
                  | rCorr Dex+5}
 12786 | D:11     | Found a staircase to the Lair.
 12820 | Lair:1   | Entered Level 1 of the Lair of Beasts
 13017 | Lair:1   | Received a gift from Okawaru
 13049 | Lair:1   | Reached skill level 10 in Invocations
 13662 | Lair:1   | Received a gift from Okawaru
 13715 | Lair:1   | Reached ****** piety under Okawaru
 13797 | Lair:1   | Acquired the +5 crystal plate armour "Jaiwu" {Rampage rPois
                  | rN+}
 13797 | Lair:1   | Received a gift from Okawaru
 14456 | Lair:2   | Reached skill level 10 in Shields
 14459 | Lair:2   | Reached skill level 5 in Armour
 14539 | Lair:2   | Noticed an eight-headed hydra
 14555 | Lair:2   | Killed an eight-headed hydra
 14555 | Lair:2   | Received a gift from Okawaru
 14953 | Lair:2   | Noticed a catoblepas
 15081 | Lair:2   | Killed a catoblepas
 15215 | Lair:2   | Received a gift from Okawaru
 15258 | Lair:2   | Found a staircase to the Shoals.
 15327 | Lair:2   | Reached XP level 13. HP: 95/105 MP: 20/20
 15459 | Lair:2   | Identified the +8 sling "Pyeble" {antimagic, rN+ Will+
                  | rCorr Dex+3}
 16154 | Lair:3   | Found a staircase to the Snake Pit.
 16341 | Lair:3   | Received a gift from Okawaru
 17472 | Lair:3   | Reached skill level 10 in Armour
 17480 | Lair:3   | Received a gift from Okawaru
 18486 | Lair:3   | Found a runed translucent door.
 18488 | Lair:3   | Noticed draino's ghost (journeyman FeIE)
 18550 | Lair:3   | Received a gift from Okawaru
 18936 | Lair:4   | Found a gate leading to a gauntlet.
 18944 | Gauntlet | Entered a Gauntlet
 18944 | Gauntlet | Found a large runed translucent door.
 18944 | Gauntlet | Found a large runed translucent door.
 18944 | Gauntlet | Found a large runed translucent door.
 18944 | Gauntlet | Found a large runed translucent door.
 18944 | Gauntlet | Found a large runed translucent door.
 18944 | Gauntlet | Found a transporter.
 18944 | Gauntlet | Found a large runed translucent door.
 18944 | Gauntlet | Found a large runed translucent door.
 18944 | Gauntlet | Found a large runed translucent door.
 18944 | Gauntlet | Found a runed translucent door.
 18944 | Gauntlet | Found a runed translucent gate.
 18944 | Gauntlet | Found a runed translucent gate.
 18944 | Gauntlet | Found a transporter.
 18944 | Gauntlet | Found a transporter.
 18945 | Gauntlet | Found a runed translucent door.
 18945 | Gauntlet | Found a runed translucent gate.
 18949 | Gauntlet | Found a large runed translucent door.
 18949 | Gauntlet | Found a large runed translucent door.
 18949 | Gauntlet | Found a large runed translucent door.
 18949 | Gauntlet | Found a large runed translucent door.
 18950 | Gauntlet | Found a large runed translucent door.
 18950 | Gauntlet | Found a large runed translucent door.
 18951 | Gauntlet | Found a large runed translucent door.
 18951 | Gauntlet | Found a large runed translucent door.
 18965 | Gauntlet | Found a transporter.
 18975 | Gauntlet | Found a transporter.
 18978 | Gauntlet | Found a transporter.
 18988 | Gauntlet | Found a transporter.
 19007 | Gauntlet | Found a transporter.
 19015 | Gauntlet | Found a transporter.
 19015 | Gauntlet | Found a transporter.
 19023 | Gauntlet | Found a transporter.
 19026 | Gauntlet | Found a transporter.
 19323 | Gauntlet | Identified the -2 cloak of the King of the Hill {+Blink
                  | rN++ Str-2}
 19411 | Gauntlet | Noticed a minotaur
 19435 | Gauntlet | Killed a minotaur
 19940 | Lair:4   | Reached XP level 14. HP: 93/111 MP: 21/21
 20051 | Lair:4   | Noticed Nessos
 20118 | Lair:4   | Killed Nessos
 20123 | Lair:4   | Received a gift from Okawaru
 20788 | Lair:5   | Entered Level 5 of the Lair of Beasts
 21456 | Lair:5   | Found a viscous altar of Jiyva.
 21456 | Lair:5   | Found a staircase to the Slime Pits.
 21571 | Lair:5   | Received a gift from Okawaru
 22584 | Lair:5   | Received a gift from Okawaru
 22749 | Lair:5   | Identified the +5 trident of Poc Dach {venom, Stlth+}
 23101 | D:11     | Found Widghick's Jewellery Shoppe.
 23359 | D:11     | Noticed Grum
 23381 | D:11     | Killed Grum
 24256 | D:12     | Received a gift from Okawaru
 24476 | D:12     | Noticed Urug
 24503 | D:11     | Killed Urug
 24511 | D:11     | Acquired the +16 obsidian axe {drain, demonic, Mesm ^Drain
                  | Fly SInv}
 24511 | D:11     | Received a gift from Okawaru
 24511 | D:11     | Found the +16 obsidian axe {drain, demonic, Mesm ^Drain Fly
                  | SInv}
 24927 | D:12     | Identified the ring of Omary {rElec rN+ MP+9 Str-4}
 24947 | D:12     | Found Nocorit's Assorted Antiques.
 24955 | D:12     | Bought a potion of curing for 78 gold pieces
 24955 | D:12     | Bought a scroll of fear for 104 gold pieces
 25250 | D:12     | Found a roughly hewn altar of Beogh.
 25250 | D:12     | Found a staircase to the Orcish Mines.
 25482 | D:12     | Identified the +5 chain mail "Hievit" {Harm rCorr Int+2
                  | SInv}
 25702 | Orc:1    | Entered Level 1 of the Orcish Mines
 26014 | Orc:2    | Entered Level 2 of the Orcish Mines
 26579 | Orc:1    | Gained mutation: You are partially covered in icy blue
                  | scales. (AC +2) [demonic ancestry]
 26579 | Orc:1    | Reached XP level 15. HP: 117/117 MP: 22/22
 27353 | Orc:1    | Received a gift from Okawaru
 28037 | Orc:2    | Paralysed by an orc sorcerer for 5 turns
 28161 | Orc:2    | Found a roughly hewn altar of Beogh.
 28170 | Orc:2    | Found Suekoqit's General Store.
 28204 | Orc:2    | Found Woenoo's Antique Weapon Emporium.
 28220 | Orc:2    | Found Plog's Book Emporium.
 28236 | Orc:2    | Found Ysats's Antique Armour Emporium.
 28259 | Orc:2    | Found a staircase to the Elven Halls.
 28853 | D:13     | Noticed Rupert
 28859 | D:13     | Paralysed by Rupert for 4 turns
 28879 | D:13     | Killed Rupert
 29369 | D:13     | You fall into a shaft and drop 1 floor!
 29614 | D:14     | Received a gift from Okawaru
 29674 | D:14     | Noticed Kirke
 29763 | D:14     | Noticed a sphinx
 30261 | D:14     | Noticed Roxanne
 30508 | D:14     | Identified the +4 trident of the Pit {flame, Dex+3}
 31149 | D:14     | Killed Kirke
 31664 | D:15     | Entered Level 15 of the Dungeon
 31770 | D:15     | Received a gift from Okawaru
 32907 | D:15     | Identified the +7 war axe "Ferch" {protect, rElec}
 33015 | D:15     | Found a staircase to the Depths.
 33213 | D:15     | Found Zecsyoce's Jewellery Shop.
 33683 | Snake:1  | Entered Level 1 of the Snake Pit
 33823 | Snake:1  | Found Dyqair's Weapon Shop.
 33827 | Snake:1  | Found Ekhlighoi's Antique Armour Boutique.
 34143 | Lair:3   | Received a gift from Okawaru
 34144 | Lair:3   | Reached XP level 16. HP: 114/124 MP: 23/23
 34804 | Snake:1  | Reached skill level 5 in Dodging
 34885 | Snake:1  | Found Fivuavu's Firing Range.
 34930 | Snake:1  | Bought 5 silver javelins for 720 gold pieces
 34930 | Snake:1  | Bought 5 silver javelins for 720 gold pieces
 35671 | Snake:2  | Received a gift from Okawaru
 35913 | Snake:2  | Reached skill level 1 in Throwing
 37452 | Snake:2  | Found a transporter.
 37462 | Snake:2  | You fall into a shaft and drop 1 floor!
 37610 | Snake:2  | Identified the blade talisman "Fumedgh" {Int+2}
 37894 | Snake:2  | Found a transporter.
 37970 | Snake:2  | Reached skill level 5 in Throwing
 38046 | Snake:2  | Received a gift from Okawaru
 39246 | Snake:3  | Noticed Vashnia
 40246 | Snake:3  | Reached skill level 15 in Unarmed Combat
 40405 | Snake:3  | Identified the +1 chain mail of Elyvilon's Anger {-Tele
                  | Will++ Str+2 Stlth+}
 40519 | Snake:3  | Identified the serpent talisman of the Old and Reckless
                  | {Fly Will+}
 40519 | Snake:3  | Noticed Aizul
 40532 | Arena    | Entered the Arena
 40561 | Arena    | Killed Aizul
 40591 | Snake:3  | Received a gift from Okawaru
 41843 | Snake:4  | Entered Level 4 of the Snake Pit
 41913 | Snake:4  | Reached skill level 15 in Shields
 41939 | Snake:4  | Received a gift from Okawaru
 42178 | Snake:4  | Got Kaliudet's Codex of Accelerants
 42756 | D:11     | Bought a ring of fire for 300 gold pieces
 43061 | Snake:4  | Noticed Nikola
 43423 | Shoals:1 | Entered Level 1 of the Shoals
 43452 | Shoals:1 | Gained mutation: You are mostly covered in icy blue scales.
                  | (AC +3) [demonic ancestry]
 43452 | Shoals:1 | Reached XP level 17. HP: 130/130 MP: 24/24
 43648 | Shoals:1 | Received a gift from Okawaru
 43973 | Shoals:1 | Noticed Frances
 43984 | Shoals:1 | Gained mutation: You occasionally lose the ability to drink
                  | potions when taking damage. [a neqoxec]
 43986 | Shoals:1 | Killed Frances
 43989 | Shoals:1 | Lost mutation: You occasionally lose the ability to drink
                  | potions when taking damage. [potion of mutation]
 43989 | Shoals:1 | Gained mutation: You do not regenerate when monsters are
                  | visible. [potion of mutation]
 44351 | Orc:2    | Bought a potion of heal wounds for 85 gold pieces
 44351 | Orc:2    | Bought a potion of mutation for 136 gold pieces
 44353 | Orc:2    | Lost mutation: You do not regenerate when monsters are
                  | visible. [potion of mutation]
 44353 | Orc:2    | Gained mutation: You have a pair of small antennae on your
                  | head. [potion of mutation]
 44353 | Orc:2    | Gained mutation: You are robust. (+10% HP) [potion of
                  | mutation]
 44353 | Orc:2    | Gained mutation: Your spells are a little harder to cast,
                  | but a little more powerful. [potion of mutation]
 44353 | Orc:2    | Gained mutation: You are agile. (Dex +4, Str/Int -1)
                  | [potion of mutation]
 44829 | Shoals:2 | Got the Grimoire of Fascination
 46793 | Shoals:3 | Noticed Ilsuiw
 46859 | Shoals:3 | Killed Ilsuiw
 48122 | Shoals:4 | Entered Level 4 of the Shoals
 48314 | Shoals:4 | Noticed a kraken
 48359 | Shoals:4 | Received a gift from Okawaru
 50284 | Shoals:4 | Identified the ring "Nich" {rPois Str-3 Dex+6 SInv}
 51391 | Arena    | Entered the Arena
 51432 | Shoals:4 | Reached XP level 18. HP: 83/149 MP: 25/25
 51732 | Shoals:4 | Found Kuwkel's General Store.
 51736 | Shoals:4 | Found Faximif's Specific Store.
 51741 | Shoals:4 | Bought a scroll of teleportation for 36 gold pieces
 51809 | Shoals:4 | Reached skill level 11 in Fighting
 51819 | Shoals:4 | Got a barnacled rune of Zot
 51875 | Shoals:4 | Identified the +3 great sword "Akkiuhat" {speed, rElec rF+
                  | Will+ Dex-2}
 52613 | Snake:3  | Killed Vashnia
 53307 | Snake:3  | HP: 6/151 [Nikola/arc of chain lightning (51)]
 53932 | Snake:4  | Reached skill level 12 in Fighting
 55015 | Snake:4  | Reached skill level 13 in Fighting
 55676 | Snake:4  | Got a serpentine rune of Zot
 56263 | D:14     | Killed Roxanne
 56447 | D:14     | Identified the +1 plate armour "Zaavemek" {rF+ rC- Slay+2}
 56454 | D:14     | Reached skill level 14 in Fighting
 56503 | D:14     | Found a gate to the Vaults.
 56591 | Vaults:1 | Entered Level 1 of the Vaults
 56661 | Vaults:1 | Identified the +1 lajatang of Fate {protect, Int+4 Stlth-}
 57106 | Vaults:1 | Reached skill level 15 in Fighting
 57159 | Vaults:1 | Paralysed by a formless jellyfish for 1 turns
 57429 | Vaults:1 | Identified the +5 ring mail of Snakes and Ladders {+Blink
                  | rN+ Str+4}
 57604 | Vaults:1 | Received a gift from Okawaru
 57605 | Vaults:1 | Reached skill level 16 in Fighting
 57630 | Vaults:1 | Gained mutation: You are completely covered in sharp
                  | spines. [demonic ancestry]
 57630 | Vaults:1 | Reached XP level 19. HP: 155/172 MP: 21/26
 58083 | Vaults:1 | Found Beol's Distillery.
 58110 | Vaults:1 | Bought a potion of resistance for 170 gold pieces
 58110 | Vaults:1 | Bought a potion of curing for 51 gold pieces
 58744 | Vaults:1 | Reached skill level 17 in Fighting
 59785 | Vaults:2 | Reached skill level 18 in Fighting
 60443 | Vaults:2 | Received a gift from Okawaru
 60719 | Vaults:2 | Reached skill level 19 in Fighting
 62217 | Vaults:3 | Gained mutation: A meltable icy envelope protects you from
                  | harm. (AC +8) [demonic ancestry]
 62217 | Vaults:3 | Reached XP level 20. HP: 109/193 MP: 27/27
 62219 | Vaults:3 | Reached skill level 20 in Fighting
 62790 | Vaults:3 | Found a portal to a secret trove of treasure.
 62873 | Vaults:3 | Found a staircase to the Crypt.
 62873 | Vaults:3 | Found an ancient bone altar of Kikubaaqudgha.
 62873 | Vaults:3 | Found a basalt altar of Yredelemnul.
 63132 | Vaults:3 | Found a runed translucent door.
 63640 | Vaults:3 | Found Enupe Agesuck's Antique Weapon Emporium.
 64094 | Vaults:3 | Reached skill level 21 in Fighting
 64406 | D:15     | Bought a +6 ring of strength for 468 gold pieces
 65098 | Vaults:4 | Found Ryudic's Assorted Antiques.
 65105 | Vaults:4 | Bought a scroll of fear for 112 gold pieces
 65105 | Vaults:4 | Bought a potion of curing for 84 gold pieces
 65105 | Vaults:4 | Bought a potion of curing for 84 gold pieces
 65105 | Vaults:4 | Bought a scroll of teleportation for 84 gold pieces
 65993 | Vaults:4 | Received a gift from Okawaru
 66311 | Vaults:4 | Identified the +3 scale mail of Puschitu {*Slow Str+7
                  | Int-2}
 67101 | Elf:1    | Entered Level 1 of the Elven Halls
 67410 | Orc:2    | Reached skill level 10 in Dodging
 68539 | Elf:1    | Received a gift from Okawaru
 68581 | Elf:1    | Gained mutation: Your presence sometimes corrodes those you
                  | injure. [demonic ancestry]
 68581 | Elf:1    | Reached XP level 21. HP: 204/204 MP: 28/28
 68584 | Elf:1    | Gained mutation: Your presence sometimes corrodes or
                  | deforms those you injure. [demonic ancestry]
 68584 | Elf:1    | Reached XP level 22. HP: 213/213 MP: 29/29
 69321 | Elf:2    | Reached XP level 23. HP: 201/220 MP: 30/30
 69636 | Elf:2    | Received a gift from Okawaru
 69759 | Elf:2    | Found a large runed translucent door.
 69759 | Elf:2    | Found a large runed translucent door.
 69795 | Elf:2    | Found a large runed translucent door.
 69795 | Elf:2    | Found a large runed translucent door.
 70110 | Elf:3    | Entered Level 3 of the Elven Halls
 70193 | Elf:3    | Found a shimmering blue altar of Sif Muna.
 70575 | Depths:1 | Entered Level 1 of the Depths
 70588 | Depths:1 | Reached skill level 15 in Armour
 71004 | Depths:1 | You fall into a shaft and drop 1 floor!
 71400 | Depths:1 | Found a gateway to Hell.
 71587 | Depths:1 | Found an opulent altar of Gozag.
 72688 | Depths:2 | Found a one-way gate leading to the halls of Pandemonium.
 72760 | Depths:2 | Received a gift from Okawaru
 74447 | Depths:3 | Received a gift from Okawaru
 74633 | Depths:4 | Entered Level 4 of the Depths
 74637 | Depths:4 | Noticed a juggernaut
 74669 | Depths:3 | Killed a juggernaut
 75973 | Depths:4 | Gained mutation: You are completely covered in icy blue
                  | scales. (AC +4, rC+) [demonic ancestry]
 75973 | Depths:4 | Reached XP level 24. HP: 213/228 MP: 30/30
 76173 | Depths:4 | Found an ornate altar of the Wu Jian Council.
 76230 | Depths:4 | Identified the orb of a bazaar {*channel, rElec Str+2}
 76230 | Depths:4 | Noticed Frederick
 76244 | Depths:4 | Killed Frederick
 76295 | Depths:4 | Noticed Jory
 76314 | Depths:4 | Killed Jory
 76314 | Depths:4 | Received a gift from Okawaru
 76325 | Arena    | Entered the Arena
 76608 | Depths:4 | Found a gate to the Realm of Zot.
 76937 | Depths:4 | Found a one-way gate to the infinite horrors of the Abyss.
 77426 | Depths:4 | Found Big Baal Hell's Store.
 78432 | Slime:1  | Entered Level 1 of the Pits of Slime
 78541 | Slime:3  | Gained mutation: Your body sometimes deteriorates upon
                  | taking damage. [a shining eye]
 78542 | Slime:3  | Gained mutation: You are weak. (Str -2) [a shining eye]
 78551 | Slime:2  | Reached skill level 10 in Throwing
 79235 | Slime:5  | Entered Level 5 of the Pits of Slime
 79294 | Slime:5  | Gained mutation: Potions are less effective at restoring
                  | your health. [a shining eye]
 79884 | Vaults:1 | Bought a potion of mutation for 136 gold pieces
 79884 | Vaults:1 | Lost mutation: You are weak. (Str -2) [potion of mutation]
 79884 | Vaults:1 | Lost mutation: You are robust. (+10% HP) [potion of
                  | mutation]
 79884 | Vaults:1 | Lost mutation: Potions are less effective at restoring your
                  | health. [potion of mutation]
 79884 | Vaults:1 | Gained mutation: Your movements are slightly less
                  | encumbered by armour. (ER -2) [potion of mutation]
 79884 | Vaults:1 | Gained mutation: Your flesh is heat resistant. (rF+)
                  | [potion of mutation]
 80319 | Slime:5  | Found a viscous altar of Jiyva.
 81461 | Slime:5  | Received a gift from Okawaru
 82205 | Slime:5  | Lost mutation: Your flesh is heat resistant. (rF+) [a
                  | shining eye]
 82509 | Slime:5  | Noticed the Royal Jelly
 82516 | Slime:5  | Killed the Royal Jelly
 82517 | Slime:5  | Reached skill level 5 in Evocations
 83005 | Slime:5  | Identified the +1 robe "Diajoluf" {rN+ Will+}
 83105 | Slime:5  | Identified the +4 trident of Beita {pain, rF++ Str+3
                  | Stlth+}
 83108 | Slime:5  | Identified the +9 orcbow "Kiti" {drain, *Slow +Blink rPois}
 83110 | Slime:5  | Got a slimy rune of Zot
 83111 | Slime:5  | Identified the +2 scale mail of Hugisch {rC+ rCorr Str+3}
 83117 | Slime:5  | Identified the amulet "Aqivvioj" {rElec rPois Regen+}
 83168 | Slime:5  | Identified the +6 chain mail of the Unseen Realm {Rampage
                  | rC- rN++ rCorr}
 83701 | D:6      | Killed Arkalis's ghost
 83930 | Lair:3   | Killed draino's ghost
 84175 | Snake:2  | Identified the -1 helmet of Syndicalism {rPois rC+ Str+2
                  | Dex+3}
 84769 | Crypt:1  | Entered Level 1 of the Crypt
 84865 | Vaults:3 | Paralysed by something for 3 turns
 85761 | Zot:1    | Entered Level 1 of the Realm of Zot
 85872 | Zot:1    | Gained mutation: You can speak a Word of Chaos. [demonic
                  | ancestry]
 85872 | Zot:1    | Reached XP level 25. HP: 214/214 MP: 30/30
 86547 | Zot:1    | Paralysed by an air elemental for 1 turns
 88034 | Zot:3    | Noticed Vv
 88065 | Zot:3    | Killed Vv
 88123 | Zot:3    | Noticed Parghit
 88427 | Zot:3    | Killed Parghit
 89243 | Zot:4    | Identified the ring of Xahecwou {Ice rElec Will+++ Stlth-}
 89243 | Zot:4    | Noticed Josephina
 90561 | Zot:5    | Entered Level 5 of the Realm of Zot
 90572 | Zot:5    | Noticed an orb of fire
 90635 | Zot:4    | Gained mutation: You are frail. (-10% HP) [an orb of fire]
 90641 | Zot:4    | Killed an orb of fire
 91298 | Zot:5    | Received a gift from Okawaru
 91464 | Zot:5    | Noticed an orb of fire
 91550 | Zot:5    | Killed an orb of fire
 92122 | Zot:5    | Reached skill level 22 in Fighting
 92679 | Zot:5    | Noticed an orb of fire
 92692 | Zot:5    | Killed an orb of fire
 92692 | Zot:5    | Noticed a dread lich
 92693 | Zot:5    | Reached XP level 26. HP: 162/202 MP: 12/30
 92720 | Zot:5    | Killed a dread lich
 92723 | Zot:5    | Noticed a dread lich
 92725 | Zot:5    | Noticed a dread lich
 92733 | Zot:5    | Killed a dread lich
 92738 | Zot:5    | Killed a dread lich
 92739 | Zot:5    | Noticed an ancient lich
 92748 | Zot:5    | Killed an ancient lich
 92751 | Zot:5    | Noticed a dread lich
 92759 | Zot:5    | Killed a dread lich
 92764 | Zot:5    | Noticed a dread lich
 92766 | Zot:5    | Reached skill level 23 in Fighting
 92786 | Zot:5    | Killed a dread lich
 92810 | Zot:5    | Noticed an orb of fire
 92814 | Zot:5    | Gained mutation: Your magical capacity is low. (-10% MP)
                  | [an orb of fire]
 92821 | Zot:5    | Killed an orb of fire
 92824 | Zot:5    | Noticed an ancient lich
 92841 | Zot:5    | Killed an ancient lich
 93351 | Zot:5    | Noticed an ancient lich
 93372 | Zot:5    | Killed an ancient lich
 93446 | Zot:5    | Reached skill level 24 in Fighting
 94569 | Zot:5    | Got the Orb of Zot
 94646 | Zot:4    | Identified the +1 tower shield of Yschonn {rCorr Str+3}
 95202 | D:$      | Escaped with the Orb!

Illustrated notes

Levels and vault maps discovered:
D:1:      dpeg_cavernosity, layout_loops_ring
D:2:      layout_basic, serial_shops, shop, nicolae_ecumenical_lake_church,
          uniq_sigmund
D:3:      layout_basic
D:4:      layout_layer_cave, enter_ossuary_1
D:5:      layout_basic, marbit_many_paths, gammafunk_ghost_mausoleum, uniq_ijyb
D:6:      layout_gridville, kennysheep_little_box, biasface_ghost_orc_armoury,
          serial_shops, shop
D:7:      layout_loops_ring, minmay_temple_entry_stoned_glass
D:8:      layout_rooms, serial_glass, glass_columns_a, glass_columns_c,
          glass_columns_b, glass_columns_c, grunt_ministairs_8, uniq_maurice,
          uniq_amaemon
D:9:      lemuel_castle_with_subvaults [lemuel_castle_interior_carwin_1],
          layout_irregular_city, supply_closet_lemuel
D:10:     layout_loops_ring, bloody_makhleb
D:11:     layout_rooms, dpeg_oklobed_lair, serial_shops,
          nicolae_shop_gaudy_bauble, uniq_grum
D:12:     layout_layer_cave, david_orc_5, serial_shops, shop, uniq_urug
D:13:     layout_stronghold, uniq_rupert
D:14:     layout_stronghold, ximxim_vaults_locker_room, nicolae_tricolors,
          grunt_ministairs_8, hangedman_aviary, uniq_roxanne, uniq_kirke
D:15:     hangedman_depths_entry_civil_slaughter, layout_layer_cave,
          serial_shops, shop_statue, serial_bayou_shore_a, minmay_more_statues
Temple:   compressed_dpeg_triangle_lava_temple
Lair:1:   layout_regular_city, lemuel_fruit_tree, infiniplex_staircase_pool
Lair:2:   layout_long_grid, shoals_dummy_entry, infiniplex_staircase_pool_2
Lair:3:   nzn_winding_woodlands_large [nzn_winding_woodlands_5x5_open_star,
          nzn_winding_woodlands_5x15_concentric,
          nzn_winding_woodlands_5x5_perimeter,
          nzn_winding_woodlands_center_lodge,
          nzn_winding_woodlands_15x15_thick_spiral,
          nzn_winding_woodlands_center_garden,
          nzn_winding_woodlands_5x5_checkerboard,
          nzn_winding_woodlands_5x15_split_checker,
          nzn_winding_woodlands_5x5_three], layout_chaotic_city,
          guppyfry_snake_entry_garden, ebering_ghost_inner_flame,
          nicolae_lair_liquid_snakes
Lair:4:   layout_layer_cave, gauntlet_entry_generic, serial_bayou_pond_d,
          uniq_nessos
Lair:5:   gammafunk_lair_ancient_temple, layout_regular_city,
          dpeg_slime_entry_corner
Shoals:1: layout_shoals, uniq_frances
Shoals:2: layout_shoals, nicolae_shoals_water_booths
Shoals:3: layout_shoals, nicolae_shoals_nautilus_by_nature, uniq_ilsuiw
Shoals:4: shoals_end_hangedman, layout_shoals, shoals_ilsuiw_alternative,
          nicolae_specific_store
Snake:1:  layout_rooms, nicolae_shop_firing_range, minmay_shoptagon
Snake:2:  gammafunk_the_bubble [the_bubble_gammafunk_split],
          layout_misc_corridors, grunt_ministairs_2,
          nicolae_twisty_statue_hallways
Snake:3:  layout_layer_cave, grunt_megastairs_3, uniq_vashnia, uniq_aizul
Snake:4:  johnstein_snake_rune_scales, layout_misc_corridors,
          guppyfry_library_mini, grunt_megastairs_1, uniq_nikola
Slime:1:  cheibrodos_slime_lost_civilization_9, layout_caves
Slime:2:  layout_caves
Slime:3:  layout_caves, basic_altar, cheibrodos_slime_lost_civilization_7
Slime:4:  layout_caves
Slime:5:  slime_pit_nicolae_amoeboid
Orc:1:    layout_diamond_mine
Orc:2:    grunt_orc_cross, layout_caves, nicolae_orc_stalacmites
Elf:1:    layout_loops_cross
Elf:2:    elven_hall_of_blades_hangedman_alternative
          [nicolae_blade_entry_splitting_headache], layout_gridlike,
          nicolae_elf_deep_friendship, lemuel_upstairs_altar, uniq_norris
Elf:3:    minmay_elf_hall_spiked, layout_onion_city, basic_altar, minivault_24
Vaults:1: nicolae_vaults_tetromino_T_1, nicolae_vaults_doubleplus_tesselated,
          nicolae_vaults_theta, nicolae_vaults_network_periphery,
          nicolae_vaults_what_the_h, nicolae_vaults_offset_grid_hallway_2,
          nicolae_vaults_sightless_eye, nicolae_vaults_storage_closets_3,
          v_misc_26, layout_vaults_omnicross, serial_shops, shop
Vaults:2: nicolae_vaults_network_barrier, nicolae_vaults_closet_pinwheel_3,
          hangedman_vaults_cutoff, nicolae_vaults_hexular_roomagon, v_misc_15,
          nicolae_vaults_variable_pillar_hall, nicolae_vaults_network_star,
          v_alt_pattern_6, v_misc_12, nicolae_vaults_house_3,
          layout_vaults_big_room
Vaults:3: minmay_crypt_entry_necro_gods, nicolae_vaults_shrinking_rooms_1,
          nicolae_vaults_shrinking_rooms_2, ontoclasm_vaults_decontamination,
          vaults_dpeg_hooks, lemuel_angel_altar, v_misc_10,
          nicolae_vaults_surprise_closet, vaults_room_mumra_shop_pool,
          nicolae_vaults_trapezoid_lopsided_4, nicolae_vaults_oozy_zoo,
          v_misc_18, nicolae_vaults_tetromino_L_1,
          nicolae_vaults_storage_room_water, hangedman_vaults_slice,
          nicolae_vaults_tetromino_T_1, nicolae_vaults_trapezoid_layered,
          layout_vaults_omnibox, nicolae_trove_entry_crystal
Vaults:4: v_misc_28, hangedman_vaults_variations, ontoclasm_vaults_twist,
          nicolae_vaults_trapezoid_lopsided_4, v_misc_33, v_pattern_3,
          v_rooms_5, nicolae_vaults_little_squares_1, grunt_vaults_funnel,
          st_more_cells, nicolae_vaults_octothorpe, nicolae_vaults_diamond_1,
          nicolae_vaults_asterisk, nicolae_vaults_asterisk,
          nicolae_vaults_tetromino_L_2, layout_vaults_ring, serial_shops, shop
Crypt:1:  layout_chaotic_city, grunt_crypt_arrival_guarded_gate, uniq_zenata
Depths:1: layout_honeycomb, pf_coc_iceberg,
          nicolae_gozag_cash_rules_everything_around_me, hex_tiny,
          zin_scriptorium
Depths:2: hangedman_stitches_corridor, layout_cave_shapes,
          rand_demon_pan_entry_5, hellmouth_3, serial_sigils,
          serial_sigils_hangedman_gnaw, serial_sigils_hangedman_clutch,
          serial_sigils_hangedman_scar
Depths:3: lemuel_river_lethe, hell_entry, abyss_entry
Depths:4: grunt_crosshair, layout_basic, nicolae_hell_entry_big_baal_hell,
          hangedman_abyss_entry_splay, serial_corexii_hall,
          chequers_hall_statues_wall_a, corexii_hall_statues_x,
          nicolae_wu_jian_immortal_techniques, uniq_frederick, uniq_grunn,
          uniq_jory
Zot:1:    infiniplex_zot_generator, layout_basic, grunt_ministairs_14
Zot:2:    kennysheep_blocky_room, layout_concentric_octagons
Zot:3:    layout_onion_interference, uniq_parghit, uniq_vv
Zot:4:    layout_onion_interference, regret_index_zotdec_banners, uniq_josephina
Zot:5:    layout_basic, st_stairs_11, lemuel_lake_of_fire

Skill      XL: |  1  2  3  4  5  6  7  8  9 10 11 12 13 14 15 16 17 18 19 20 21 22 23 24 25 26 |
---------------+-------------------------------------------------------------------------------+-----
Fighting       | 1 5 7 10 16 19 21 22 24 | 24.8
Unarmed Combat | 1 9 10 12 14 15 17 18 21 | 21.0
Armour         | 2 4 7 12 13 14 18 20 | 20.3
Evocations     | 3 6 |  6.0
Shields        | 1 3 4 7 10 12 14 15 16 17 | 17.0
Dodging        | 4 5 10 | 10.9
Invocations    | 2 5 8 10 | 10.0
Throwing       | 7 9 10 | 10.0
Long Blades    | |  3.6
Spellcasting   | |  1.0
Translocations | |  1.7

Action                     |  1- 3 |  4- 6 |  7- 9 | 10-12 | 13-15 | 16-18 | 19-21 | 22-24 | 25-27 || total
---------------------------+-------+-------+-------+-------+-------+-------+-------+-------+-------++-------
  Melee: Falchion          |    77 |       |       |       |       |       |       |       |       ||    77
         Touch             |     3 |    20 |    50 |    35 |       |       |       |       |       ||   108
         Unarmed           |    24 |   108 |   256 |   826 |  2045 |  2126 |  1447 |  1580 |  1145 ||  9557
         Punch             |       |     6 |    15 |    14 |       |       |       |       |       ||    35
  Throw: Dart              |       |     9 |    22 |    19 |    49 |    25 |       |     2 |     2 ||   128
         Boomerang         |       |       |       |       |       |   392 |     5 |   179 |    94 ||   670
         Throwing net      |       |       |       |       |       |     2 |       |       |     5 ||     7
         Javelin           |       |       |       |       |       |     5 |     2 |    98 |    23 ||   128
 Invoke: Heroism           |       |       |       |     6 |    10 |    24 |    16 |    13 |    11 ||    80
         Finesse           |       |       |       |     1 |     6 |    17 |    11 |     9 |     7 ||    51
         Receive Armour    |       |       |       |     1 |       |       |       |       |       ||     1
         Receive Weapon    |       |       |       |       |     1 |       |       |       |       ||     1
         Duel              |       |       |       |       |       |     2 |       |     1 |       ||     3
Ability: Word of Chaos     |       |       |       |       |       |       |       |       |     1 ||     1
  Evoke: Wand              |       |     4 |    18 |    25 |    13 |    14 |     1 |       |     6 ||    81
         Lightning rod     |       |       |       |       |       |     4 |     3 |     8 |       ||    15
    Use: Scroll            |     3 |     1 |    12 |    14 |    12 |    15 |     1 |    13 |    13 ||    84
         Potion            |     1 |       |     1 |    11 |     8 |    21 |     6 |    11 |    18 ||    77
   Stab: Paralysed         |       |       |     5 |    20 |    22 |       |       |       |       ||    47
         Invisible         |       |       |       |       |     2 |     2 |       |       |     1 ||     5
         Held in net/web   |       |       |       |       |       |     1 |       |       |     2 ||     3
         Distracted        |       |       |       |       |       |       |     1 |       |       ||     1
 Armour: Plate armour      |   147 |    92 |   168 |   474 |       |       |       |       |       ||   881
         Leather armour    |     5 |       |       |       |       |       |       |       |       ||     5
         Crystal plate arm |       |       |       |   161 |  1604 |   994 |   547 |   413 |       ||  3719
         Skin              |       |       |       |       |     4 |       |       |     3 |       ||     7
         Gold dragon scale |       |       |       |       |       |       |       |   283 |   506 ||   789
  Dodge: Dodged            |    19 |    10 |    43 |   140 |   221 |   163 |   114 |   245 |   178 ||  1133
  Block: Other             |       |       |    39 |    22 |       |       |       |     1 |       ||    62
         Buckler           |       |       |       |   270 |   443 |       |       |       |       ||   713
         Kite shield       |       |       |       |       |   913 |    66 |       |       |       ||   979
         Tower shield      |       |       |       |       |       |  2159 |  1345 |  1568 |  1260 ||  6332

Table legend: (Time is in decaauts)
 A = Elapsed time spent in this place.
 B = Non-inter-level travel time spent in this place.
 C = Inter-level travel time spent in this place.
 D = Time resting spent in this place.
 E = Time spent auto-exploring this place.
 F = Levels seen in this place.
 G = Mean time per level.
                   A        B        C        D        E       F      G
               +--------+--------+--------+--------+--------+-----+--------+
         Total |  92846 |  85131 |   7715 |  32672 |  29950 |  58 | 1600.8 |
       Dungeon |  22306 |  19492 |   2814 |   5016 |  10002 |  15 | 1487.1 |
        Temple |     14 |      8 |      6 |      0 |      0 |   1 |   14.0 |
          Lair |  11166 |   9671 |   1495 |   3248 |   3837 |   5 | 2233.2 |
        Shoals |   8420 |   7991 |    429 |   3186 |   2717 |   4 | 2105.0 |
     Snake Pit |  12507 |  11881 |    626 |   6476 |   2710 |   4 | 3126.8 |
    Slime Pits |   4253 |   4108 |    145 |   2621 |    172 |   5 |  850.6 |
  Orcish Mines |   3961 |   3538 |    423 |   1991 |    666 |   2 | 1980.5 |
   Elven Halls |   2606 |   2251 |    355 |    381 |   1023 |   3 |  868.7 |
        Vaults |   9980 |   9344 |    636 |   3168 |   4003 |   4 | 2495.0 |
         Crypt |     64 |     64 |      0 |      0 |      0 |   1 |   64.0 |
        Depths |   7671 |   7189 |    482 |   2019 |   3448 |   4 | 1917.8 |
           Zot |   8493 |   8194 |    299 |   3925 |   1239 |   5 | 1698.6 |
       Ossuary |    678 |    678 |      0 |    353 |     17 |   1 |  678.0 |
      Gauntlet |    634 |    634 |      0 |    238 |    113 |   1 |  634.0 |
         Arena |     87 |     87 |      0 |     46 |      0 |   3 |   29.0 |
               +--------+--------+--------+--------+--------+-----+--------+

Top non-repeatable levels by time:
 Snake:3: 4737 daAuts
Depths:2: 3353 daAuts
  Lair:3: 3301 daAuts
   Zot:5: 3104 daAuts
Shoals:3: 3030 daAuts
 Snake:1: 3002 daAuts
 Snake:4: 2937 daAuts
Vaults:3: 2934 daAuts
    D:14: 2850 daAuts
Vaults:2: 2620 daAuts
   Orc:2: 2471 daAuts
  Lair:2: 2402 daAuts
Shoals:4: 2361 daAuts
     D:9: 2344 daAuts
  Lair:5: 2310 daAuts
